 Dungeon Crawl Stone Soup version 0.19.5 (webtiles) character file.

53 equalderp2856 the Ducker (level 3, -10/15 HPs)
             Began as a Felid Ice Elementalist on Apr 1, 2017.
             Killed by nerve-wracking pain
             ... invoked by a shadow imp
              (12 damage)
             ... on level 3 of the Dungeon.
             The game lasted 00:06:34 (2442 turns).

equalderp2856 the Ducker (Felid Ice Elementalist)   Turns: 2442, Time: 00:06:36

Health: -10/15     AC:  1    Str:  5    XL:     3   Next: 62%
Magic:  1/7        EV: 21    Int: 19    God:
Gold:   83         SH:  0    Dex: 16    Spells: 2 memorised, 3 levels left
                                        Lives:  0   Deaths: 0

rFire  . . .     SeeInvis +       - Unarmed
rCold  . . .     Gourm    .     (armour unavailable)
rNeg   . . .     Faith    .     (shield unavailable)
rPois  .         Spirit   .     (helmet unavailable)
rElec  .         Reflect  .     (cloak unavailable)
rCorr  .         Harm     .     (gloves unavailable)
MR     .....                    (boots unavailable)
Stlth  +++.......               (no amulet)
                                k - +3 ring of intelligence
                                g - +2 ring of evasion

@: very slightly contaminated, quick
A: no armour, no weapons or thrown items, stealth, claws 1, fangs 3, see
invisible, carnivore 3, speed 1, shaggy fur 1, slow metabolism 1, sharp paws
a: no special abilities


You were on level 3 of the Dungeon.
You were full.

You visited 1 branch of the dungeon, and saw 3 of its levels.

You collected 83 gold pieces.

Inventory:

Jewellery
 g - a +2 ring of evasion (left paw)
 k - a +3 ring of intelligence (right paw)
Scrolls
 c - a scroll of random uselessness {unknown}
 e - a scroll of enchant weapon {unknown}
 f - 2 scrolls of teleportation {unknown}
 h - a scroll of noise {unknown}
 i - 2 scrolls of remove curse {unknown}
 j - a scroll of immolation {unknown}
 l - a scroll of fear {unknown}
Books
 a - a book of Frost

   Spells                             Type                      Level
   a - Freeze                         Ice                          1
   b - Throw Frost                    Conjuration/Ice              2
   c - Ozocubu's Armour               Charms/Ice                   3
   d - Throw Icicle                   Conjuration/Ice              4
   e - Summon Ice Beast               Ice/Summoning                4
Comestibles
 b - 2 meat rations
 d - 2 beef jerkies


   Skills:
 * Level 1.2 Fighting
 * Level 3.8 Dodging
 * Level 3.6 Stealth
 * Level 1.3 Unarmed Combat
 - Level 2.0 Spellcasting
 + Level 0.8 Conjurations
 - Level 2.6 Ice Magic


You had 3 spell levels left.
You knew the following spells:

 Your Spells              Type           Power        Failure   Level  Hunger
a - Freeze                Ice            ##..         8%          1    #......
b - Throw Frost           Conj/Ice       #.....       14%         2    ###....


Dungeon Overview and Level Annotations

Branches:
Dungeon (3/15)

Altars:
Elyvilon
Sif Muna

Annotations:
D:2 Natasha


Innate Abilities, Weirdness & Mutations

You cannot wear armour.
You are incapable of wielding weapons or throwing items.
Your paws allow you to move quietly. (Stealth)
You have sharp claws.
You have razor-sharp teeth.
You have supernaturally acute eyesight. (SInv)
You are carnivorous and can eat meat at any time.
You cover ground quickly.
You are covered in fur. (AC +1)
You have a slow metabolism.
Your sharp claws are effective at attacking unaware monsters.


Message History

The shadow imp completely misses you.
You scratch the shadow imp but do no damage.
The shadow imp is almost dead.
The shadow imp closely misses you.
You barely miss the shadow imp.
The shadow imp is almost dead.
The shadow imp barely misses you.
You scratch the shadow imp but do no damage.
The shadow imp is almost dead.
The shadow imp gestures at you. Pain shoots through your body!
Ouch! That really hurt!
* * * LOW HITPOINT WARNING * * *
You scratch the shadow imp.
You bite the shadow imp, but do no damage.
The shadow imp is almost dead.
The shadow imp gestures at you. Pain shoots through your body!
Ouch! That really hurt!
You die...

# #.# ##. #.#
...##.########
.............#
.............#####
...##.##.........#
..##.##.......#.#
+#.##.##...8...#5#
...##5#...8.8..#@#
...##.#..8._.8.#<#
...##.#...8.8..#.#
...##......8.....#
...##............#
S.5..............#
....S........###.#
#####.#####.## #.#
#.# #.# #.#


You could see a shadow imp.

Vanquished Creatures
  An adder (D:2)
  A dart slug (D:1)
  A leopard gecko (D:2)
  A giant cockroach (D:2)
  8 goblins
  3 hobgoblins
  A bat (D:1)
  2 frilled lizards
  10 kobolds
  15 rats
43 creatures vanquished.

Notes
Turn   | Place    | Note
-------+----------+-------------------------------------------
     0 | D:1      | equalderp2856 the Felid Ice Elementalist began the quest for the Orb.
     0 | D:1      | Reached XP level 1. HP: 7/7 MP: 4/4
   267 | D:1      | Reached XP level 2. HP: 12/12 MP: 4/6
  1078 | D:1      | Reached skill level 1 in Unarmed Combat
  1195 | D:1      | Reached XP level 3. HP: 15/15 MP: 4/7
  1603 | D:2      | Reached skill level 1 in Fighting
  1606 | D:2      | Found a white marble altar of Elyvilon.
  1842 | D:2      | Found a deep blue altar of Sif Muna.
  1943 | D:2      | Learned a level 2 spell: Throw Frost
  1975 | D:2      | Noticed Natasha
  2075 | D:3      | Found a faded altar of an unknown god.
  2442 | D:3      | Killed from afar by a shadow imp

Skill      XL: |  1  2  3 |
---------------+----------+-----
Dodging        | 3 |  3.8
Stealth        | 3 |  3.6
Unarmed Combat | 1 |  1.3
Fighting       | 1 |  1.2
Spellcasting   | |  2.0
Conjurations   | |  0.8
Ice Magic      | |  2.6

Action                   || total
-------------------------++-------
Melee: Unarmed           ||    40
       Bite              ||     4
 Cast: Freeze            ||    52
       Throw Frost       ||     4
 Stab: Sleeping          ||     7
  Eat: Chunk             ||     7
Armor: Skin              ||     2
Dodge: Dodged            ||    62
